 Dungeon Sprint DCSS version 0.26-a0-652-gafc20e3620 (webtiles) character file.

Game seed: 10453985811733579180

186 mhtbhm the Covered (level 5, -8/47 HPs)
             Began as a Formicid Fighter on Oct 4, 2020.
             Was an Initiate of Makhleb.
             Mangled by a two-headed ogre
             ... wielding a +0 giant spiked club
              (21 damage)
             ... in the Dungeon (Sprint IX: "|||||||||||||||||||||||||||||").
             The game lasted 00:01:00 (626 turns).

mhtbhm the Covered (Formicid Fighter)                Turns: 626, Time: 00:01:01

Health: -8/47      AC: 11    Str: 21    XL:     5   Next: 98%
Magic:  5/5        EV: 10    Int:  8    God:    Makhleb [......]
Gold:   0          SH: 10    Dex: 10    Spells: 4/4 levels left

rFire    . . .     SeeInvis +   a - +2 scimitar (holy)
rCold    . . .     Faith    .   c - +0 kite shield
rNeg     . . .     Spirit   .   b - +2 ring mail
rPois    .         Reflect  .   (helmet unavailable)
rElec    .         Harm     .   (no cloak)
rCorr    .         Rampage  .   m - +0 pair of gloves
MR       .....                  n - +0 pair of boots
Stlth    ..........             (no amulet)
HPRegen  0.15/turn              (no ring)
MPRegen  0.09/turn              (no ring)

@: mighty
A: permanent stasis, dig shafts and tunnels, four strong arms, antennae 3
a: Dig, Renounce Religion


You were in the Dungeon.
You worshipped Makhleb.
Makhleb was noncommittal.
You visited 1 branch

Inventory:

Hand Weapons
 a - a +2 scimitar of holy wrath (weapon)
Armour
 b - a +2 ring mail (worn)
 c - a +0 kite shield (worn)
 m - a +0 pair of gloves (worn)
 n - a +0 pair of boots (worn)
Jewellery
 l - a +3 ring of dexterity
 o - a +2 ring of protection
Wands
 k - a wand of acid (10)
Scrolls
 i - 3 scrolls of remove curse
 j - 2 scrolls of amnesia
Potions
 e - 5 potions of curing
 f - 3 potions of heal wounds
 g - 4 potions of magic
 h - a potion of invisibility


   Skills:
 + Level 6.8 Fighting
 + Level 5.5 Long Blades
 + Level 7.5 Armour
 + Level 0.4 Dodging
 + Level 7.3 Shields


You had 4 spell levels left.
You didn't know any spells.
Your spell library was empty.

Dungeon Overview and Level Annotations

Branches:
Dungeon (1/1)

Altars:
Cheibriados
Dithmenos
Elyvilon
Fedhas
Gozag
Hepliaklqana
Kikubaaqudgha
Makhleb
Nemelex Xobeh
Okawaru
Qazlal
Ru
Sif Muna
Trog
Uskayaw
Vehumet
Wu Jian
Xom
Yredelemnul
Zin
The Shining One
Beogh
Jiyva
Lugonu


Innate Abilities, Weirdness & Mutations

You cannot be hasted, slowed, berserked, paralysed or teleported.
You can dig through walls and to a lower floor.
Your four strong arms can wield two-handed weapons with a shield.
You have a pair of large antennae on your head. (SInv)


Message History

Your Long Blades skill increases to level 5!
Your Armour skill increases to level 7!
Your Shields skill increases to level 7!
You have reached level 5!
You slash the two-headed ogre!
The two-headed ogre is lightly wounded.
You block the two-headed ogre's attack.
The two-headed ogre hits you with a cursed -2 giant spiked club!
The howler monkey hoots and howls with incredible vigour!
You hear a shout!
You slash the two-headed ogre!
The two-headed ogre is heavily wounded.
The two-headed ogre hits you with a +0 giant spiked club!!
Ouch! That really hurt!
* * * LOW HITPOINT WARNING * * *
The two-headed ogre misses you.
You slice the two-headed ogre!!
The two-headed ogre is severely wounded.
The two-headed ogre hits you with a +0 giant spiked club!!
You die... ▓▓▓▓▓▓▓▓▓▓▓▓▓▓▓▓▓▓▓▓▓▓▓▓ _______'.?)...[.@OahYZ.. ▓▓▓▓▓▓▓▓▓▓▓▓▓▓▓▓▓▓▓▓▓▓▓▓ {{{{{{{ {{{{{{{{ {

You could see a two-headed ogre, an ice beast, a howler monkey (catching breath), a worker ant and a jackal skeleton.

Vanquished Creatures
  A sky beast (D)
  A scorpion (D)
  A hound (D)
  A white imp (D)
  A leopard gecko (D)
  An orc (D)
  A hobgoblin (D)
  2 kobolds (D)
  A quokka (D)
  A frilled lizard (D)
11 creatures vanquished.

Notes
Turn   | Place    | Note
-------+----------+-------------------------------------------
     0 | D        | mhtbhm the Formicid Fighter began the quest for the Orb.
     0 | D        | Reached XP level 1. HP: 18/18 MP: 1/1
    17 | D        | Reached XP level 2. HP: 14/25 MP: 2/2
   216 | D        | Noticed a scorpion
   224 | D        | Reached skill level 5 in Armour
   224 | D        | Reached skill level 5 in Shields
   224 | D        | Reached XP level 3. HP: 22/32 MP: 3/3
   227 | D        | Killed a scorpion
   227 | D        | Reached skill level 5 in Fighting
   227 | D        | Reached XP level 4. HP: 28/40 MP: 4/4
   520 | D        | Found a roughly hewn altar of Beogh.
   520 | D        | Found a snail-covered altar of Cheibriados.
   520 | D        | Found a shadowy altar of Dithmenos.
   520 | D        | Found a white marble altar of Elyvilon.
   520 | D        | Found a blossoming altar of Fedhas.
   520 | D        | Found an opulent altar of Gozag.
   521 | D        | Found a hazy altar of Hepliaklqana.
   522 | D        | Found a viscous altar of Jiyva.
   523 | D        | Found an ancient bone altar of Kikubaaqudgha.
   524 | D        | Found a corrupted altar of Lugonu.
   525 | D        | Found a burning altar of Makhleb.
   526 | D        | Found a sparkling altar of Nemelex Xobeh.
   527 | D        | Found an iron altar of Okawaru.
   528 | D        | Found a stormy altar of Qazlal.
   529 | D        | Found a sacrificial altar of Ru.
   530 | D        | Found a shimmering blue altar of Sif Muna.
   531 | D        | Found a bloodstained altar of Trog.
   532 | D        | Found a hide-covered altar of Uskayaw.
   533 | D        | Found a radiant altar of Vehumet.
   534 | D        | Found an ornate altar of the Wu Jian Council.
   535 | D        | Found a shimmering altar of Xom.
   536 | D        | Found a basalt altar of Yredelemnul.
   541 | D        | Found a glowing silver altar of Zin.
   542 | D        | Found a glowing golden altar of the Shining One.
   555 | D        | Became a worshipper of Makhleb the Destroyer
   620 | D        | Noticed a sky beast
   620 | D        | Noticed a two-headed ogre
   620 | D        | Noticed an ice beast
   623 | D        | Killed a sky beast
   623 | D        | Reached skill level 5 in Long Blades
   623 | D        | Reached XP level 5. HP: 47/47 MP: 5/5
   626 | D        | Mangled by a two-headed ogre

Illustrated notes

Levels and vault maps discovered:
D:        linesprint [early_d, line_temple, items_1, d_10, items_2, lair_1,
          lair_end, items_3, orc_1, orc_end, items_4, d_15, swamp_1, shoals_1,
          snake_1, spider_1, d_20, vaults_1, items_5, swamp_end, shoals_end,
          snake_end, spider_end, vaults_end, d_27, items_6, zot_1, zot_end,
          crypt_end, forest_end, elf_end, slime_end, tomb_end, abyss_end,
          pan_hell_end]

Skill      XL: |  1  2  3  4 |
---------------+-------------+-----
Shields        | 4 5 6 7 |  7.3
Armour         | 4 5 6 7 |  7.5
Fighting       | 4 5 6 |  6.8
Long Blades    | 3 4 5 |  5.5
Dodging        | |  0.4

Action                   |  1- 3 |  4- 6 || total
-------------------------+-------+-------++-------
Melee: Long sword        |    24 |    10 ||    34
       Scimitar          |       |     5 ||     5
  Use: Potion            |       |     1 ||     1
Armor: Scale mail        |     7 |     1 ||     8
Dodge: Dodged            |     9 |     6 ||    15
Block: Kite shield       |     9 |     3 ||    12
       Rpst.: Long sword |     2 |     1 ||     3
       Scimitar          |       |     1 ||     1

Table legend: (Time is in decaauts)
 A = Elapsed time spent in this place.
 B = Non-inter-level travel time spent in this place.
 C = Inter-level travel time spent in this place.
 D = Time resting spent in this place.
 E = Time spent auto-exploring this place.
 F = Levels seen in this place.
 G = Mean time per level.
                   A        B        C        D        E       F      G
               +--------+--------+--------+--------+--------+-----+--------+
         Total |    636 |    636 |      0 |    470 |      0 |   1 |  636.0 |
       Dungeon |    636 |    636 |      0 |    470 |      0 |   1 |  636.0 |
               +--------+--------+--------+--------+--------+-----+--------+

Top non-repeatable levels by time:
       D: 636 daAuts
